AoeStats
← krzyh88

Oasis

510162681Analyzed
4v4 RM · 3d ago on Sep 29, 2026· 54m 39s· 8 players
Game mode
Random Map
Map size
Large (8 player)
Population
200
Speed
Normal
Resources
Standard
Victory
Conquest
Starting age
Dark Age
Ending age
Imperial Age
RankedLock teamsTeams togetherTeam positionsShared explorationLock speedFull tech treeHidden civsTurbo modeCheats
Victory
Defeat
🇰🇼 Spanish · Kuwait
610
+8
🇨🇦 Mongols · Canada
552
+10
🇩🇪 Aztecs · Germany
534
+10
🇧🇬 Bulgarians · Bulgaria
517
+11
🇵🇱 Franks · Poland
432
-12
🇵🇱 Spanish · Poland
401
-9
🇵🇱 Byzantines · Poland
400
-9
🇵🇱 Italians · Poland
400
-9
Mini440
0:40 Loom
12:08 Feudal Age
12:46 Double-Bit Axe
13:39 Wheelbarrow
12:53 Town Watch
14:23 Horse Collar
18:27 Gold Mining
18:28 Stone Mining
22:40 Castle Age
21:10 Arson
21:40 Bloodlines
23:57 Bow Saw
24:48 Husbandry
24:09 Light Cavalry
24:51 Squires
24:37 Gambesons
24:18 Pikeman
25:44 Hand Cart
28:19 Heavy Plow
30:01 Stone Shaft Mining
30:16 Caravan
32:59 Inquisition
33:27 Ballistics
33:23 Masonry
33:21 Murder Holes
33:50 Fortified Wall
37:23 Imperial Age
35:09 Town Patrol
37:11 Forging
37:07 Scale Barding Armor
37:02 Scale Mail Armor
37:04 Padded Archer Armor
36:55 Fletching
38:33 Iron Casting
38:19 Chain Barding Armor
38:29 Conscription
38:37 Guilds
39:44 Two-Man Saw
39:52 Chemistry
39:53 Architecture
39:09 Arrowslits
40:55 Blast Furnace
40:10 Chain Mail Armor
40:12 Leather Archer Armor
39:56 Bodkin Arrow
39:58 Sappers
40:11 Elite Skirmisher
40:57 Thumb Ring
41:23 Supremacy
42:01 Hoardings
41:43 Elite Conquistador
42:58 Ring Archer Armor
43:37 Plate Mail Armor
43:56 Plate Barding Armor
43:42 Bracer
43:23 Hussar
43:37 Halberdier
44:57 Fervor
45:07 Sanctity
45:18 Illumination
49:02 Heavy Mounted Crossbowman
xorpad
14:07 Feudal Age
16:45 Man-at-Arms
17:36 Double-Bit Axe
17:34 Horse Collar
25:49 Castle Age
25:56 Castle Age
27:52 Bow Saw
28:28 Pikeman
29:09 Squires
28:33 Eagle Warrior
34:09 Imperial Age
35:11 Wheelbarrow
34:41 Heavy Plow
36:41 Scale Mail Armor
36:52 Forging
38:20 Hand Cart
38:30 Gold Mining
40:20 Elite Eagle Warrior
42:52 Capped Ram
43:58 Heated Shot
44:29 Ballistics
45:12 Chemistry
46:29 Siege Ram
MultiHamps
11:43 Feudal Age
13:28 Horse Collar
13:37 Double-Bit Axe
24:04 Castle Age
24:46 Heavy Plow
24:58 Bow Saw
25:03 Forging
25:01 Scale Barding Armor
27:35 Iron Casting
27:22 Chain Barding Armor
28:10 Town Watch
28:18 Guard Tower
36:31 Imperial Age
36:37 Elite Konnik
38:31 Blast Furnace
40:06 Plate Barding Armor
40:35 Husbandry
40:48 Bloodlines
HuntYouDown
0:43 Loom
15:54 Feudal Age
21:15 Arson
24:02 Castle Age
23:16 Wheelbarrow
22:35 Double-Bit Axe
23:28 Gold Mining
26:06 Gold Shaft Mining
27:34 Padded Archer Armor
27:25 Fletching
28:38 Hand Cart
30:02 Nomads
32:47 Bodkin Arrow
33:08 Leather Archer Armor
35:02 Bow Saw
34:53 Stone Mining
34:51 Horse Collar
40:08 Imperial Age
37:47 Caravan
40:41 Elite Mangudai
41:57 Hoardings
41:44 Drill
42:10 Conscription
41:53 Bracer
42:17 Heavy Plow
43:43 Thumb Ring
43:35 Capped Ram
43:38 Heavy Scorpion
49:33 Squires
48:53 Pikeman
51:53 Ballistics
52:34 Chemistry
51:46 Fortified Wall
55:16 Masonry
55:12 Siege Engineers
Der Ryba
0:32 Loom
14:21 Feudal Age
14:52 Double-Bit Axe
14:50 Horse Collar
15:48 Wheelbarrow
23:01 Stone Mining
23:02 Gold Mining
29:20 Castle Age
27:37 Forging
27:33 Scale Barding Armor
27:29 Scale Mail Armor
29:46 Padded Archer Armor
29:36 Fletching
30:40 Hand Cart
31:31 Bow Saw
32:16 Squires
35:47 Pikeman
37:52 Heavy Plow
41:34 Imperial Age
41:12 Leather Archer Armor
41:13 Chain Mail Armor
41:38 Halberdier
44:08 Husbandry
46:06 Conscription
48:01 Caravan
49:50 Iron Casting
49:46 Ring Archer Armor
Mistrz Krzychu
2:14 Loom
14:46 Feudal Age
21:40 Stone Mining
21:54 Double-Bit Axe
28:02 Castle Age
27:06 Forging
26:57 Scale Mail Armor
29:41 Bow Saw
30:16 Iron Casting
29:58 Chain Mail Armor
29:49 Scale Barding Armor
29:33 Pikeman
30:17 Squires
30:37 Gambesons
31:01 Husbandry
36:31 Wheelbarrow
36:50 Caravan
39:10 Fortified Wall
41:38 Imperial Age
41:24 Hand Cart
42:01 Gold Mining
41:51 Cavalier
48:52 Paladin
krzyh88
4:55 Loom
11:25 Feudal Age
14:19 Horse Collar
19:38 Wheelbarrow
23:19 Scale Mail Armor
26:12 Castle Age
26:01 Double-Bit Axe
28:20 Bow Saw
27:37 Pikeman
30:43 Hand Cart
32:44 Town Watch
33:17 Chain Mail Armor
35:53 Silk Road
36:14 Fortified Wall
36:00 Murder Holes
38:35 Padded Archer Armor
38:26 Fletching
38:46 Forging
41:21 Imperial Age
39:35 Masonry
39:48 Ballistics
41:08 Gold Mining
41:36 Leather Archer Armor
41:17 Bodkin Arrow
44:22 Two-Man Saw
43:25 Heavy Plow
43:59 Plate Mail Armor
44:05 Iron Casting
44:01 Ring Archer Armor
46:03 Elite Genoese Crossbowman
przemorx
13:16 Feudal Age
18:02 Double-Bit Axe
26:36 Castle Age
29:26 Padded Archer Armor
29:16 Fletching
30:03 Bow Saw
32:40 Fortified Wall
35:20 Imperial Age
32:58 Elite Skirmisher
35:28 Bodkin Arrow
35:44 Forging
35:42 Scale Barding Armor
37:14 Conscription
38:27 Forging
38:18 Scale Mail Armor
38:37 Squires
39:24 Pikeman
43:36 Two-Man Saw
44:44 Halberdier
48:26 Iron Casting
50:21 Ballistics
Connection lost

Rejoining the realm…

Still unreachable

The connection could not be restored.

Session expired

The server has moved on; the page needs a fresh start.